 Dungeon Crawl Stone Soup version 0.31-a0-799-g6bc09d010c (webtiles) character file.

Game seed: 11117694218639659755

5 Bravepunisher the Ducker (level 1, 0/11 HPs)
             Began as a Spriggan Monk on Sept 19, 2023.
             Slain by a frilled lizard (1 damage)
             ... on level 1 of the Dungeon.
             The game lasted 00:00:57 (209 turns).

Bravepunisher the Ducker (Spriggan Monk)             Turns: 209, Time: 00:00:58

Health: 0/11       AC:  2    Str:  7    XL:     1   Next: 66%
Magic:  2/2        EV: 18    Int: 11    God:
Gold:   31         SH:  0    Dex: 17    Spells: 0/0 levels left

rFire   . . .        a - +0 short sword
rCold   . . .        (no shield)
rNeg    . . .        b - +0 robe
rPois   .            (helmet restricted)
rElec   .            (no cloak)
rCorr   .            (gloves unavailable)
SInv    +            (boots unavailable)
Will    .....        (no amulet)
Stlth   ++           (no ring)
HPRegen 0.21/turn    (no ring)
MPRegen 0.08/turn

%: no passive effects
@: very quick
A: very small, no large weapons, unfitting armour, see invisible, speed 3
a: no special abilities


You were on level 1 of the Dungeon.
You visited 1 branch of the dungeon, and saw 1 of its levels.

You collected 31 gold pieces.

Inventory:

Hand Weapons
 a - a +0 short sword (weapon)
Armour
 b - a +0 robe (worn)
 d - an orb of light
Potions
 c - a potion of ambrosia
 e - a potion of enlightenment {unknown}
 f - a potion of mutation {unknown}
 g - a potion of invisibility {unknown}


   Skills:
 * Level 2.6 Fighting
 - Level 3.2 Short Blades
 + Level 4.1 Dodging


You couldn't memorise any spells.
You didn't know any spells.
Your spell library was empty.

Dungeon Overview and Level Annotations

Branches:
Dungeon (1/15)

Altars:


Innate Abilities, Weirdness & Mutations

You are very small and have problems with some larger weapons.
You are too small for most types of armour.
You have supernaturally acute eyesight. (SInv)
You cover ground extremely quickly. (Speed+++)


Message History

The bat attacks as it pursues you! The bat closely misses you. x2
An endoplasm comes into view.
The bat hits you.
* * * LOW HITPOINT WARNING * * *
The endoplasm quivers.
Found 19 gold pieces and a ring mail.
The bat attacks as it pursues you! The bat completely misses you.
The bat closely misses you.
A frilled lizard comes into view.
The bat attacks as it pursues you! The bat misses you. x2
Found a brass ring, 7 stones and 18 gold pieces.
The frilled lizard hisses angrily.
A ball python comes into view.
A giant cockroach comes into view.
Found a pair of gloves.
The ball python hisses angrily.
A bat comes into view.
The bat barely misses you.
Found 12 gold pieces.
A rat comes into view.
A frilled lizard comes into view.
The frilled lizard hisses angrily.
The bat attacks as it pursues you! The bat hits you. The bat barely misses you.
The bat barely misses you.
You hit the bat.
The bat is severely wounded.
The bat closely misses you. The bat hits you. The bat closely misses you.
The frilled lizard bites you.
* * * LOW HITPOINT WARNING * * *
The bat completely misses you. The bat barely misses you.
The giant cockroach misses you. The bat attacks as it pursues you!
The bat barely misses you. The bat misses you. The ball python bites you.
* * * LOW HITPOINT WARNING * * *
The ball python misses you.
The giant cockroach completely misses you.
The frilled lizard bites you.
You die...

##......(...#
#.......$.#...
#.........#...
######
#...........#[
#.....
###Sr########.#.
#..... ##.g.## ##
#.....######.J###
#.......l.blS######
#..$...r.bB@........
#.....##############
#..... ######


You could see an endoplasm, a quokka, a giant cockroach, a goblin, 2 bats, 2
ball pythons, 2 frilled lizards and a rat.

Vanquished Creatures
  A ball python (D:1)
  A bat (D:1)
  An endoplasm (D:1)
  A kobold (D:1)
4 creatures vanquished.

Notes
Turn   | Place    | Note
-------+----------+-------------------------------------------
     0 | D:1      | Bravepunisher the Spriggan Monk began the quest for the
                  | Orb.
     0 | D:1      | Reached XP level 1. HP: 11/11 MP: 2/2
   209 | D:1      | Slain by a frilled lizard

Illustrated notes

Levels and vault maps discovered:
D:1:      enne_arrival_octagon_isle, layout_rooms, minmay_misc_feat_rugged,
          minivault_23, minmay_misc_feat_alley

Action                     || total
---------------------------++-------
  Melee: Short sword       ||    18
 Armour: Robe              ||    26
  Dodge: Dodged            ||    73

Table legend: (Time is in decaauts)
 A = Elapsed time spent in this place.
 B = Non-inter-level travel time spent in this place.
 C = Inter-level travel time spent in this place.
 D = Time resting spent in this place.
 E = Time spent auto-exploring this place.
 F = Levels seen in this place.
 G = Mean time per level.
                   A        B        C        D        E       F      G
               +--------+--------+--------+--------+--------+-----+--------+
         Total |    136 |    136 |      0 |      0 |     19 |   1 |  136.0 |
       Dungeon |    136 |    136 |      0 |      0 |     19 |   1 |  136.0 |
               +--------+--------+--------+--------+--------+-----+--------+

Top non-repeatable levels by time:
     D:1: 136 daAuts
